 Dungeon Crawl Stone Soup version 0.19-a0-49-gb8736b8 (webtiles) character file.

943 M4edhros the Grappler (level 7, 0/66 HPs)
             Began as a Troll Monk on May 6, 2016.
             Slain by an orc
             ... wielding a +0 flail
              (2 damage)
             ... on level 7 of the Dungeon.
             The game lasted 00:08:27 (1122 turns).

M4edhros the Grappler (Troll Monk)                  Turns: 1122, Time: 00:08:28

Health: 0/66       AC:  5    Str: 20    XL:     7   Next: 88%
Magic:  6/6        EV: 10    Int:  8    God:
Gold:   118        SH:  0    Dex: 12    Spells: 0 memorised, 6 levels left

rFire  . . .     SeeInvis .       - Unarmed
rCold  . . .     Gourm    +     a - +0 robe
rNeg   . . .     Faith    .     (no shield)
rPois  +         Spirit   .     (helmet restricted)
rElec  .         Dismiss  .     (no cloak)
rCorr  .         Reflect  .     (gloves unavailable)
SustAt +         Harm     .     (boots unavailable)
MR     .....                    (no amulet)
Stlth  +.........               s - ring of sustain attributes
                                n - ring of poison resistance

@: very slightly contaminated, not resistant to hostile enchantments, very
unstealthy
A: unfitting armour, claws 3, fast metabolism 3, gourmand, regeneration 2,
shaggy fur 1, tough skin 2
a: no special abilities


You were on level 7 of the Dungeon.
You were not hungry.

You visited 1 branch of the dungeon, and saw 8 of its levels.

You collected 118 gold pieces.

Inventory:

Hand Weapons
 f - a +3 great mace
Missiles
 d - 5 curare-tipped needles
Armour
 a - a +0 robe (worn)
Jewellery
 n - a ring of poison resistance (left claw)
 s - a ring of sustain attributes (right claw)
Wands
 q - a wand of digging (11/24)
Scrolls
 e - a scroll of teleportation {unknown}
 g - 2 scrolls of identify {unknown}
 h - 2 scrolls of blinking {unknown}
 i - 2 scrolls of magic mapping {unknown}
 j - a scroll of fog {unknown}
 m - a scroll of remove curse {unknown}
 r - a scroll of enchant weapon {unknown}
Comestibles
 b - 4 bread rations
 k - 3 meat rations


   Skills:
 - Level 2.4 Fighting
 - Level 2.4 Dodging
 - Level 1.1 Stealth
 + Level 9.9 Unarmed Combat


You had 6 spell levels left.
You didn't know any spells.

Dungeon Overview and Level Annotations

Branches:
Dungeon (8/15)
 Temple: D:4-7         Lair: D:8-11

Altars:
Kikubaaqudgha
Makhleb
Xom


Innate Abilities, Weirdness & Mutations

You are too large for most types of armour.
You have claws for hands.
Your metabolism is lightning-fast.
You like to eat raw meat.
You heal very quickly.
You are covered in fur (AC +1).
You have very tough skin (AC +2).


Message History

You swing at nothing.
The gnoll hits you from afar with a spear.
* * * LOW HITPOINT WARNING * * *
The gnoll hits you with a spear.
* * * LOW HITPOINT WARNING * * *
You see here a whip.
You claw the gnoll!
You kill the gnoll!
You barely miss the orc. You mangle the orc!!
You kill the orc!
You swing at nothing.
The orc throws a tomahawk.
The tomahawk hits you.
* * * LOW HITPOINT WARNING * * *
You swing at nothing.
You closely miss the orc. The orc hits you with a flail.
* * * LOW HITPOINT WARNING * * *
You scratch the orc.
The orc is severely wounded.
The orc hits you with a flail.
You die...

# #.## ###.#.# # ......
#. # ###...g
#.########### . .......
...........# #.
#.#...)####.......#.###
..
.......([Zo...........(
#
.§#.#.#(###@).....#....
# #.._.)# #...≈≈≈≈≈#...
# #.#.### #.#≈≈...≈≈...
.. #... #.#≈..§..≈...
#. #.. #.#≈.§§§.≈.#. #
.... #.#≈.§..!≈.# ....
#.#≈†...≈≈.# ....
#...≈≈≈≈≈#.#
####.#####...


You could see an orc and a wyvern zombie.

Vanquished Creatures
  An orc warrior (D:7)
  An ogre (D:4)
  A phantom (D:7)
  A centaur (D:7)
  A giant frog (D:6)
  2 scorpions
  A crimson imp (D:6)
  A gnoll shaman (D:7)
  A hound (D:6)
  An orc priest (D:4)
  2 orc wizards (D:4)
  3 iguanas
  2 worker ants (D:4)
  The ghost of M4edhros the Ruffian, a weakling TrMo (D:4)
  3 gnolls (D:7)
  2 adders (D:4)
  A howler monkey skeleton (D:4)
  2 adder skeletons (D:4)
  2 worms
  2 giant geckos
  6 orcs
  3 giant cockroaches (D:4)
  A goblin (D:2)
  2 hobgoblins
  5 jackals
  A quokka (D:4)
  2 giant gecko skeletons
  A giant newt (D:2)
  A jackal skeleton (D:4)
  A kobold (D:2)
54 creatures vanquished.

Vanquished Creatures (others)
  An orc warrior (D:7)
  A giant gecko (D:7)
  An orc (D:7)
3 creatures vanquished.

Grand Total: 57 creatures vanquished

Notes
Turn   | Place    | Note
--------------------------------------------------------------
     0 | D:1      | M4edhros the Troll Monk began the quest for the Orb.
     0 | D:1      | Reached XP level 1. HP: 22/22 MP: 0/0
    71 | D:2      | Reached XP level 2. HP: 27/29 MP: 1/1
   194 | D:4      | Noticed M4edhros's ghost (weakling TrMo)
   247 | D:4      | Killed M4edhros's ghost
   247 | D:4      | Reached skill level 5 in Unarmed Combat
   247 | D:4      | Reached XP level 3. HP: 36/36 MP: 2/2
   281 | D:4      | Reached XP level 4. HP: 28/44 MP: 3/3
   315 | D:4      | Noticed an ogre
   325 | D:4      | Killed an ogre
   325 | D:4      | Reached skill level 6 in Unarmed Combat
   325 | D:4      | Reached XP level 5. HP: 47/50 MP: 4/4
   346 | D:4      | Reached skill level 7 in Unarmed Combat
   431 | D:4      | Reached XP level 6. HP: 46/59 MP: 5/5
   681 | D:5      | Entered Level 5 of the Dungeon
   739 | D:6      | Reached skill level 8 in Unarmed Combat
   779 | D:6      | Found an ancient bone altar of Kikubaaqudgha.
   886 | D:6      | Reached XP level 7. HP: 66/66 MP: 6/6
   983 | D:7      | Found a shimmering altar of Xom.
  1019 | D:7      | Found a burning altar of Makhleb.
  1022 | D:7      | Reached skill level 9 in Unarmed Combat
  1121 | D:7      | HP: 1/66 [orc/flail (5)]
  1122 | D:7      | Slain by an orc

Vault maps used:
D:1:      ldierk_walled_garden_2, grunt_decor_arrowhead, minmay_misc_feat_cross
D:2:      nicolae_gozag_cash_rules_everything_around_me, first_bread
D:3:      lemuel_doored_altar, nicolae_dithmenos_shadow_blocks, serial_glass,
          glass_columns_a, glass_columns_b, glass_columns_a, glass_columns_a,
          glass_columns_b, glass_columns_a, glass_columns_c, glass_columns_b,
          minmay_strange_pillars, feat_on_display, minmay_strange_pillars,
          minmay_strange_pillars
D:4:      wad_river_or_something, gammafunk_temple_overflow_elements,
          minmay_temple_entry_enclosed_plants
D:5:      nicolae_elemental_shop
D:6:      kiku_gazebo_pond_becter, small_statue_intersection
D:7:      mumra_celtic_spiral_tile, led_sif_book, lemuel_crystal_altar,
          xom_confusion_cloud, serial_shops, shop
D:8:      kennysheep_mini, grunt_ogre_cave, supply_closet_lemuel

Skill      XL: |  1  2  3  4  5  6  7 |
---------------+----------------------+-----
Unarmed Combat | 5 6 7 8 9 |  9.9
Fighting       | |  2.4
Dodging        | |  2.4
Stealth        | |  1.1

Action                   |  1- 3 |  4- 6 |  7- 9 || total
-------------------------+-------+-------+-------++-------
Melee: Unarmed           |    48 |    85 |    34 ||   167
       Great mace        |     4 |       |       ||     4
       Punch             |     2 |     2 |     1 ||     5
Throw: Throwing net      |       |       |     1 ||     1
  Use: Potion            |     1 |       |     4 ||     5
 Stab: Confused          |       |       |     1 ||     1
  Eat: Chunk             |       |     8 |       ||     8
Armor: Robe              |    11 |    24 |     1 ||    36
       Skin              |       |       |    29 ||    29
Dodge: Dodged            |    25 |    41 |     9 ||    75
